cohdb
Replays
Latest Replays
All Replays
Popular Replays
Top Player Replays
Match Explorer
How It Works
Community
CoH3 Stats
Reddit
Sign in to upload your games and track your stats! →
Sign in with Steam
Match 41375472
Unlisted
Match 41375472
Overview
Messages
Build Orders
End
Panzergrenadier Squad
Panzergrenadier Squad
250 Light Carrier
Construct Light Support Kompanie
Combat Half-tracks
Selects Armored Support Battlegroup
Selects Superior Fire Drills
Panzerpioneer Squad
Fire Support Elements
Assault Mechanized Group
Pak 38 Anti-tank Gun Team
Selects Salvage Kits
Construct Panzerarmee Kommand
Selects Panzer Storm
Armored Reserves
Panzer IV Assault Group
Walking Stuka Rocket Launcher
Selects Stuka Dive Bomb
Panzergrenadier Squad
Flak 36 Anti-tank Gun Team
Panzer IV Assault Group
Panzer III L Medium Tank
Selects Flammpanzer III Medium Tank
Dildo Inspector
Plaka
yapster
HIMYNAMEISHO
0
0
Comments
sign in to comment!
No comments posted yet!